 Dungeon Crawl Stone Soup version 0.28.0-45-g0d030f2227 (webtiles) character file.

Game seed: 2058869423848833599

533 RepoMan the Destroyer (level 7, -4/91 HPs)
             Began as an Octopode Conjurer on Apr 9, 2022.
             Slain by a killer bee (6 damage)
             ... on level 4 of the Dungeon.
             The game lasted 00:12:56 (4582 turns).

RepoMan the Destroyer (Octopode Conjurer)           Turns: 4582, Time: 00:12:57

Health: -4/91      AC: 23    Str:  6    XL:     7   Next: 24%
Magic:  1/11       EV:  2    Int: 22    God:
Gold:   131        SH:  0    Dex: 11    Spells: 8/11 levels left

rFire   . . .      SeeInvis .   (no weapon)
rCold   . . .      Faith    .   (no shield)
rNeg    . . .      Spirit   .   (helmet currently unavailable)
rPois   +          Reflect  .   (no amulet)
rElec   .          Harm     .   (no ring)
rCorr   .          Rampage  .   (no ring)
Will    .....      NoTele   +   (no ring)
Stlth   ..........              (no ring)
HPRegen 0.25/turn               (no ring)
MPRegen 0.12/turn               (no ring)
                                (no ring)
                                (no ring)

@: mighty, berserking, tree-form (expiring), attractive, very quick
A: stationary, stasis, torment immunity, boosted hp, almost no armour,
(amphibious), 8 rings, (camouflage 1), (gelatinous body 1), (nimble swimmer 1),
(tentacles)
a: no special abilities


You were on level 4 of the Dungeon.
You were a tree.
You visited 1 branch of the dungeon, and saw 4 of its levels.

You collected 131 gold pieces.

Inventory:

Missiles
 i - 3 throwing nets
Scrolls
 b - 3 scrolls of identify {unknown}
 c - a scroll of immolation {unknown}
 d - a scroll of brand weapon {unknown}
Potions
 g - a potion of flight


   Skills:
 - Level 2.0 Dodging
 - Level 2.6 Stealth
 + Level 2.7 Spellcasting
 * Level 8.2 Conjurations


You had 8 spell levels left.
You knew the following spells:

 Your Spells              Type           Power      Damage    Failure   Level
q - Magic Dart            Conj           100%       1d8       1%          1
r - Searing Ray           Conj           78%        2d7       1%          2

Your spell library contained the following spells:

 Spells                   Type           Power      Damage    Failure   Level
 Dazzling Flash           Conj/Hex       42%        N/A       7%          3
 Fulminant Prism          Conj/Hex       10%        3d9       24%         4
 Iskenderun's Mystic Bla  Conj/Tloc      21%        2d6       24%         4


Dungeon Overview and Level Annotations

Branches:
Dungeon (4/15)             Temple (0/1) D:4

Altars:
Gozag

Annotations:
D:2 Terence
D:4 exclusion: oklob sapling


Innate Abilities, Weirdness & Mutations

You are a tree.
Your roots penetrate the ground, keeping you stationary.
You cannot be teleported.
You are immune to unholy pain and torment.
Your maximum health is greatly increased.
You cannot wear most types of armour.
((You are amphibious.))
You can wear up to eight rings at the same time.
((Your skin changes colour to match your surroundings (Stealth+).))
((Your rubbery body absorbs attacks. (AC +1, EV +1)))
((You are camouflaged when in or above water. (Stealth+)))
((You have tentacles for arms and can constrict up to eight enemies at once.))


Message History

* * * LOW HITPOINT WARNING * * *
The killer bee stings you but does no damage.
You miss the killer bee.
The killer bee is almost dead.
You feel sick.
The killer bee stings you but does no damage. x3
The killer bee stings you.
* * * LOW HITPOINT WARNING * * *
Unknown command.
It was a potion of attraction.
You feel attractive to monsters.
You feel sick.
You are no longer poisoned.
The killer bee stings you but does no damage.
The killer bee stings you.
* * * LOW HITPOINT WARNING * * *
The killer bee stings you.
* * * LOW HITPOINT WARNING * * *
The killer bee stings you but does no damage.
Unknown command.
Unknown command.
Unknown command.
It was a potion of berserk rage.
A red film seems to cover your vision as you go berserk!
You feel yourself moving faster!
You feel mighty!
The killer bee stings you but does no damage. x4
You smack the killer bee!
You kill the killer bee!
The killer bee stings you but does no damage.
You closely miss the killer bee.
The killer bee is lightly wounded.
The killer bee stings you but does no damage.
You smack the killer bee!
The killer bee is almost dead.
The killer bee stings you but does no damage.
The killer bee barely misses you.
You closely miss the killer bee.
The killer bee is almost dead.
The killer bee stings you.
You die...

.▒▒ ..▒ ..▒▒▒ ..▒. .▒
.... ..▒. .▒ ▒
..▒▒▒▒▒▒▒.[▒. .. ..
........▒..▒.▒▒▒▒▒.▒▒▒..▒
...▒▒▒▒.▒.(▒.▒ ..▒)▒.?...
▒▒.▒..▒.▒..▒.▒ ▒.▒.......
▒▒.▒..▒.▒..▒.▒▒▒♣▒...▒▒▒.
...............y....>....
...▒..▒.▒.▒▒.▒......†▒▒▒.
.▒▒▒..▒.▒......▒▒▒▒......
.▒....▒.▒▒▒▒.▒▒▒▒▒▒▒.▒▒▒.
▒.▒.................▒
▒.▒▒▒▒.▒▒▒▒.▒▒▒▒▒▒▒ ▒ ▒
...▒.....▒ ▒▒▒.▒.▒▒..▒


You could see a killer bee.

Vanquished Creatures
  3 killer bees (D:4)
  A howler monkey (D:4)
  A hound (D:3)
  An orc priest (D:4)
  Jessica (D:2)
  2 orc wizards
  A hound skeleton (D:4)
  8 gnolls
  4 adders
  An adder skeleton (D:2)
  3 worms
  3 dart slugs
  10 orcs
  5 ball pythons
  2 endoplasms (D:2)
  5 giant cockroaches
  7 goblins
  6 hobgoblins
  7 kobolds
  2 quokkas
  4 bats
  2 frilled lizards
  3 rats
82 creatures vanquished.

Vanquished Creatures (others)
  25 plants (D:4)
25 creatures vanquished.

Grand Total: 107 creatures vanquished

Notes
Turn   | Place    | Note
-------+----------+-------------------------------------------
     0 | D:1      | RepoMan the Octopode Conjurer began the quest for the Orb.
     0 | D:1      | Reached XP level 1. HP: 11/11 MP: 3/3
   159 | D:1      | Found a faded altar of an unknown god.
   337 | D:1      | Reached XP level 2. HP: 17/17 MP: 0/5
   393 | D:1      | Learned a level 2 spell: Searing Ray
  1225 | D:2      | Reached skill level 5 in Conjurations
  1225 | D:2      | Reached XP level 3. HP: 21/21 MP: 2/6
  1321 | D:2      | Noticed Jessica
  1325 | D:2      | Killed Jessica
  1326 | D:2      | Reached XP level 4. HP: 13/27 MP: 2/7
  1506 | D:2      | Noticed Terence
  1932 | D:2      | Reached skill level 6 in Conjurations
  2100 | D:2      | Reached XP level 5. HP: 31/31 MP: 2/8
  2789 | D:3      | Found an opulent altar of Gozag.
  3211 | D:3      | Reached skill level 7 in Conjurations
  3211 | D:3      | Reached XP level 6. HP: 36/36 MP: 0/9
  4184 | D:4      | Found a staircase to the Ecumenical Temple.
  4535 | D:4      | Reached skill level 8 in Conjurations
  4535 | D:4      | Reached XP level 7. HP: 12/41 MP: 4/10
  4577 | D:4      | HP: 1/61 [killer bee (5)]
  4582 | D:4      | Slain by a killer bee

Illustrated notes

Levels and vault maps discovered:
D:1:      amcnicky_arrival_feature_with_door, layout_loops_ring,
          shapermc_ecumenical_altar_notcrosses
D:2:      layout_loops_ring, uniq_jessica, uniq_terence
D:3:      layout_loops_cross, nicolae_gozag_seed_capital,
          kennysheep_generic_room_3
D:4:      layout_basic, minmay_temple_entry_oklob

Skill      XL: |  1  2  3  4  5  6 |
---------------+-------------------+-----
Conjurations   | 5 6 7 8 |  8.2
Dodging        | |  2.0
Stealth        | |  2.6
Spellcasting   | |  2.7

Action                   |  1- 3 |  4- 6 |  7- 9 || total
-------------------------+-------+-------+-------++-------
Melee: Unarmed           |     4 |    21 |    17 ||    42
       Tentacles         |     4 |     3 |       ||     7
       Constrict         |     3 |     2 |       ||     5
Throw: Throwing net      |       |     1 |       ||     1
 Cast: Magic Dart        |    42 |   109 |     4 ||   155
       Searing Ray       |       |     8 |     2 ||    10
  Use: Potion            |       |     3 |     6 ||     9
Armor: Skin              |     1 |    20 |    43 ||    64
Dodge: Dodged            |     2 |     9 |     6 ||    17
